 Dungeon Crawl Stone Soup version 0.20.1-1-g8b1a95d (webtiles) character file.

478 kae the Slasher (level 6, -13/57 HPs)
             Began as a Minotaur Fighter on Sept 16, 2017.
             Was an Initiate of Ru.
             Mangled by Pikel
             ... wielding a +1 whip of electrocution
              (18 damage)
             ... on level 4 of the Dungeon.
             The game lasted 00:02:18 (3600 turns).

kae the Slasher (Minotaur Fighter)                  Turns: 3600, Time: 00:02:19

Health: -13/57     AC:  9    Str: 25    XL:     6   Next: 86%
Magic:  5/5        EV:  7    Int:  7    God:    Ru [......]
Gold:   199        SH:  9    Dex: 10    Spells: 5/5 levels left

rFire    . . .     SeeInvis .   a - +0 long sword
rCold    . . .     Gourm    .   c - +0 shield
rNeg     . . .     Faith    .   b - +0 scale mail
rPois    .         Spirit   .   (helmet restricted)
rElec    .         Reflect  .   (no cloak)
rCorr    .         Harm     .   (no gloves)
MR       .....                  v - +1 pair of boots
Stlth    ..........             (no amulet)
Regen    0.2/turn               (no ring)
MPRegen  0.1/turn               (no ring)

@: mighty, slowed, very slow
A: retaliatory headbutt, horns 2
a: Renounce Religion


You were on level 4 of the Dungeon.
You worshipped Ru.
Ru was noncommittal.
You were not hungry.

You visited 1 branch of the dungeon, and saw 4 of its levels.

You collected 199 gold pieces.

Inventory:

Hand Weapons
 a - a +0 long sword (weapon)
Armour
 b - a +0 scale mail (worn)
 c - a +0 shield (worn)
 v - a +1 pair of boots (worn)
Jewellery
 n - an uncursed ring of wizardry {unknown}
 y - a cursed ring of loudness {unknown}
Scrolls
 g - 2 scrolls of amnesia {unknown}
 h - 5 scrolls of identify {unknown}
 i - a scroll of magic mapping {unknown}
 o - 3 scrolls of remove curse {unknown}
 q - a scroll of fear {unknown}
 t - a scroll of noise {unknown}
 w - a scroll of teleportation {unknown}
 x - a scroll of immolation {unknown}
 A - a scroll of enchant weapon {unknown}
 C - a scroll of fog {unknown}
Potions
 e - 2 potions of cancellation {unknown}
 j - a potion of ambrosia {unknown}
 k - a potion of curing
 l - 2 potions of mutation {unknown}
 m - 2 potions of flight {unknown}
 p - 3 potions of heal wounds {unknown}
 s - a potion of agility {unknown}
 u - 3 potions of degeneration {unknown}
 B - a potion of lignification {unknown}
Comestibles
 f - 2 bread rations
 r - 4 fruits


   Skills:
 + Level 6.0 Fighting
 * Level 7.5 Long Blades
 - Level 3.6 Armour
 - Level 3.6 Shields


You had 5 spell levels left.
You didn't know any spells.

Dungeon Overview and Level Annotations

Branches:
Dungeon (4/15)
 Temple: D:4-7

Altars:
Elyvilon
Makhleb
Ru

Annotations:
D:4 Pikel


Innate Abilities, Weirdness & Mutations

You reflexively headbutt those who attack you in melee.
You have a pair of horns on your head.


Message History

You hit Natasha.
You kill Natasha!
You feel Natasha's spirit has finally been put to rest.
You block Pikel's attack. The slave hits you.
Pikel hits you but does no damage.
You slash the slave! Your headbutt misses the slave.
The slave is heavily wounded.
Pikel hits you but does no damage. The slave hits you but does no damage.
Pikel hits you with a whip of electrocution.
You feel very mighty all of a sudden.
Pikel cracks his whip.
Pikel hits you with a whip of electrocution.
You barely miss Pikel.
Pikel hits you with a whip of electrocution.
You are electrocuted!
Pikel hits you but does no damage.
You are electrocuted!
* * * LOW HITPOINT WARNING * * *
You slice Pikel!!
Pikel is heavily wounded.
Pikel hits you but does no damage.
You are electrocuted!
You die...

...##....#######..##.#(##...#.##
..............#..###.#.####....##
..###########...####.#.####.##...
..# ##..........##..####. ..# .
#.#####....##.#####. .[# ... #.#
#.....#.###... .[# ..(.##.#
###...........## ###
.....pp###...........###
.....ppK@.....#......#
>.?.########..#......# .
##.##......#### #..####.##.....
#..# #.######. #### #.######.
#........ ######### #


You could see Pikel and 4 slaves.

Vanquished Creatures
  A phantom (D:3)
  2 orc wizards
  A centaur skeleton (D:4)
  A worker ant (D:4)
  Natasha (thrice) (D:3 D:4)
  A hound skeleton (D:4)
  Robin (D:3)
  5 adders
  A shadow imp (D:4)
  An ooze (D:3)
  4 worms
  A dart slug (D:2)
  3 leopard geckos
  16 orcs
  9 bats
  3 giant cockroaches
  13 goblins
  11 hobgoblins
  2 jackals (D:2)
  A quokka (D:4)
  3 ball pythons
  A frilled lizard (D:1)
  8 kobolds
  11 rats
103 creatures vanquished.

Notes
Turn   | Place    | Note
-------+----------+-------------------------------------------
     0 | D:1      | kae the Minotaur Fighter began the quest for the Orb.
     0 | D:1      | Reached XP level 1. HP: 19/19 MP: 0/0
   408 | D:1      | Reached skill level 3 in Long Blades
   447 | D:1      | Reached XP level 2. HP: 27/27 MP: 1/1
  1092 | D:2      | Reached XP level 3. HP: 9/33 MP: 2/2
  1476 | D:2      | Found a white marble altar of Elyvilon.
  1549 | D:2      | Reached skill level 4 in Long Blades
  1980 | D:3      | Noticed Natasha
  1983 | D:3      | Killed Natasha
  1983 | D:3      | Reached XP level 4. HP: 20/41 MP: 3/3
  2104 | D:3      | Reached skill level 5 in Long Blades
  2386 | D:3      | Found a sacrificial altar of Ru.
  2394 | D:3      | Reached XP level 5. HP: 46/47 MP: 4/4
  2425 | D:3      | Noticed Robin
  2435 | D:3      | Killed Robin
  2438 | D:3      | Reached skill level 5 in Fighting
  2577 | D:3      | Became a worshipper of Ru the Awakened
  2881 | D:4      | Reached skill level 6 in Long Blades
  2883 | D:4      | Noticed a phantom
  2930 | D:3      | Killed a phantom
  2930 | D:3      | Reached XP level 6. HP: 25/56 MP: 5/5
  3330 | D:4      | Noticed Natasha
  3335 | D:4      | Killed Natasha
  3335 | D:4      | Reached skill level 7 in Long Blades
  3396 | D:4      | Found a burning altar of Makhleb.
  3588 | D:4      | Noticed Natasha
  3589 | D:4      | Noticed a slave
  3590 | D:4      | Noticed Pikel
  3592 | D:4      | Noticed a slave
  3593 | D:4      | Noticed a slave
  3593 | D:4      | Noticed a slave
  3595 | D:4      | Killed Natasha
  3600 | D:4      | Mangled by Pikel

Skill      XL: |  1  2  3  4  5  6 |
---------------+-------------------+-----
Long Blades    | 3 4 5 6 7 |  7.5
Fighting       | 4 5 6 |  6.0
Armour         | |  3.6
Shields        | |  3.6

Action                   |  1- 3 |  4- 6 || total
-------------------------+-------+-------++-------
Melee: Long sword        |    93 |   182 ||   275
       Headbutt          |    17 |    26 ||    43
  Use: Potion            |       |     1 ||     1
 Stab: Paralysed         |       |     2 ||     2
  Eat: Chunk             |     3 |     6 ||     9
Armor: Scale mail        |    38 |   109 ||   147
Dodge: Dodged            |    24 |    59 ||    83
Block: Shield            |    48 |   102 ||   150
       Rpst.: Long sword |     6 |    17 ||    23
